AoeStats
← KND

African Clearing

506410971Analyzed
4v4 RM · 18d ago on Sep 13, 2026· 31m 53s· 8 players
Game mode
Random Map
Map size
Large (8 player)
Population
200
Speed
Normal
Resources
Standard
Victory
Conquest
Starting age
Dark Age
Ending age
Imperial Age
RankedLock teamsTeams togetherTeam positionsShared explorationLock speedFull tech treeHidden civsTurbo modeCheats
Victory
Defeat
🇵🇱 Gurjaras · Poland
1545
+11
🇨🇴 Koreans · Colombia
1530
+12
🇧🇷 Mongols · Brazil
1521
+12
🇦🇷 Japanese · Argentina
1415
+16
🇹🇼 Persians · Taiwan
1473
-14
🇺🇸 Armenians · United States
1434
-13
🇨🇳 Mongols · China
1423
-12
🇮🇳 Hindustanis · India
1413
-12
wannabepirate
5:11 Loom
12:12 Feudal Age
18:56 Bloodlines
25:29 Castle Age
23:44 Double-Bit Axe
26:27 Light Cavalry
chengaopeng044
3:14 Loom
14:15 Feudal Age
17:50 Castle Age
15:57 Double-Bit Axe
17:01 Bloodlines
18:09 Scale Barding Armor
22:35 Wheelbarrow
22:35 Forging
25:06 Town Watch
27:23 Hand Cart
27:29 Bow Saw
29:20 Fletching
29:51 Horse Collar
牛比无极限
3:59 Loom
12:34 Feudal Age
16:33 Castle Age
14:38 Double-Bit Axe
KhalDrogo
9:17 Loom
11:37 Feudal Age
13:29 Double-Bit Axe
15:56 Castle Age
15:03 Gold Mining
16:32 Scale Barding Armor
16:47 Bow Saw
20:59 Horse Collar
23:05 Bloodlines
23:33 Heavy Plow
25:06 Wheelbarrow
25:38 Chain Barding Armor
26:59 Gold Shaft Mining
27:10 Husbandry
27:46 Forging
28:29 Hand Cart
29:28 Iron Casting
29:54 Stone Mining
ForeveR
12:33 Feudal Age
16:30 Castle Age
14:15 Loom
15:28 Double-Bit Axe
17:43 Bow Saw
18:33 Horse Collar
19:56 Heavy Plow
25:12 Scale Barding Armor
25:18 Forging
26:07 Wheelbarrow
25:29 Town Watch
28:18 Hand Cart
28:29 Gold Mining
28:29 Stone Mining
32:37 Imperial Age
30:47 Bloodlines
30:37 Husbandry
31:47 Gold Shaft Mining
[GDL] turbojj
2:51 Loom
13:06 Feudal Age
17:23 Double-Bit Axe
23:15 Castle Age
23:28 Wheelbarrow
24:13 Fletching
25:02 Bodkin Arrow
29:33 Bow Saw
29:46 Town Watch
32:00 Ballistics
Juanki
4:49 Loom
13:06 Feudal Age
14:40 Man-at-Arms
KND
8:01 Loom
13:09 Feudal Age
14:23 Double-Bit Axe
17:05 Castle Age
15:21 Stone Mining
18:48 Fletching
19:25 Bow Saw
20:45 Horse Collar
25:12 Ballistics
26:45 Bodkin Arrow
27:25 Padded Archer Armor
29:26 Wheelbarrow
29:51 Town Watch
29:59 Gold Mining
32:00 Leather Archer Armor
32:25 Bloodlines
Connection lost

Rejoining the realm…

Still unreachable

The connection could not be restored.

Session expired

The server has moved on; the page needs a fresh start.